 Dungeon Crawl Stone Soup version 0.20.0-15-g7f486f2 (webtiles) character file.

703671 greprep the Impregnable (level 27, 0/211 HPs)
             Began as a Minotaur Fighter on June 12, 2017.
             Was the Champion of the Shining One.
             Slain by a death scarab (10 damage)
             ... summoned by a greater mummy
             ... led by Khufu
             ... on level 1 of the Tomb of the Ancients.
             The game lasted 04:10:25 (72484 turns).

greprep the Impregnable (Minotaur Fighter)         Turns: 72484, Time: 04:10:26

Health: 0/211      AC: 26    Str: 35    XL:     27
Magic:  34/34      EV: 22    Int:  4    God:    the Shining One [******]
Gold:   4205       SH: 19    Dex: 17    Spells: 26/26 levels left

rFire    + . .     SeeInvis .   M - +9 eveningstar (crush)
rCold    + + +     Gourm    .   y - +0 shield {reflect}
rNeg     + + +     Faith    .   F - +1 gold dragon scales
rPois    +         Spirit   .   (helmet restricted)
rElec    +         Reflect  +   r - scarf {repulsion}
rCorr    +         Harm     .   R - +0 pair of gloves of the Slightly Bent {rElec rC- Dex+4 Slay+2}
MR       +++..     Rnd*Rage +   m - +2 pair of boots of the Assassin {Detection Stab+ Stlth++} Stlth ..........Rnd*Tele +
                                a - necklace of Bloodlust {*Rage +Rage MR++ Int-3 Slay+6 *Curse}
Regen    0.5/turn               N - ring "Myguatip" {rElec rF- rC++ Int+2 Slay+2}
MPRegen  0.3/turn               V - ring "Mitzeith" {+Inv rPois MR- Str+6 Slay+4}

@: silence, resistant, glowing, studying 2 skills, repel missiles
A: retaliatory headbutt, horns 2, clumsy 1, deformed body, deterioration 1,
frail 2, screaming 1, teleportitis 1
}: 4/15 runes: decaying, slimy, silver, gossamer
a: Renounce Religion, Evoke Berserk Rage, Evoke Invisibility


You were on level 1 of the Tomb of the Ancients.
You worshipped the Shining One.
The Shining One was exalted by your worship.
You were not hungry.

You visited 11 branches of the dungeon, and saw 53 of its levels.
You visited 1 bazaar.
You also visited: Labyrinth, Sewer, Volcano and Desolation.

You collected 7552 gold pieces.
You spent 3347 gold pieces at shops.

Inventory:

Hand Weapons
 p - a +0 morningstar of flaming
 I - the +4 whip of the Dark Horse {slash, rN++ Str-2 Dex+5}
   (You found it on level 2 of the Depths)

   It inflicts extra damage upon your enemies.
   It affects your strength (-2).
   It affects your dexterity (+5).
   It greatly protects you from negative energy.
 M - a +9 eveningstar of crushing (weapon)
 S - a +1 antimagic eveningstar
Armour
 m - the +2 pair of boots of the Assassin (worn) {Detection Stab+ Stlth++}
   (You found it in a volcano)

   It makes you much more stealthy.
 r - a scarf of repulsion (worn)
 u - +0 ice dragon scales
 w - the +3 faerie dragon scales {*Slow rC- rN+ MR++ rCorr}
   (You took it off the Enchantress on level 1 of the Depths)

   It makes you vulnerable to cold.
   It protects you from negative energy.
   It affects your resistance to hostile enchantments.
   It protects you from acid and corrosion.
   It may slow you when you take damage.
 y - a +0 shield of reflection (worn)
 z - a +2 pair of gloves of dexterity
 A - a scarf of cloud immunity
 F - +1 gold dragon scales (worn)
 O - +0 ice dragon scales
 R - the +0 pair of gloves of the Slightly Bent (worn) {rElec rC- Dex+4 Slay+2}
   (You found it on level 5 of the Vaults)

   It affects your dexterity (+4).
   It affects your accuracy and damage with ranged weapons and melee attacks
   (+2).
   It makes you vulnerable to cold.
   It insulates you from electricity.
Jewellery
 a - the necklace of Bloodlust (around neck) {*Rage +Rage MR++ Int-3 Slay+6 *Curse}
   (You bought it in a shop on level 2 of the Orcish Mines)

   [amulet of rage]

   It affects your intelligence (-3).
   It affects your accuracy and damage with ranged weapons and melee attacks
   (+6).
   It affects your resistance to hostile enchantments.
   It lets you go berserk.
   It may make you go berserk in combat.
   It curses itself when equipped.
 s - an uncursed ring of flight
 L - an uncursed amulet of harm {unknown}
 N - the ring "Myguatip" (left hand) {rElec rF- rC++ Int+2 Slay+2}
   (You found it in the Desolation of Salt)

   [ring of slaying]

   It affects your intelligence (+2).
   It affects your accuracy and damage with ranged weapons and melee attacks
   (+2).
   It makes you vulnerable to fire.
   It greatly protects you from cold.
   It insulates you from electricity.
 V - the ring "Mitzeith" (right hand) {+Inv rPois MR- Str+6 Slay+4}
   (You took it off a deep elf death mage on level 3 of the Elven Halls)

   [ring of slaying]

   It affects your strength (+6).
   It affects your accuracy and damage with ranged weapons and melee attacks
   (+4).
   It protects you from poison.
   It affects your resistance to hostile enchantments.
   It lets you turn invisible.
Wands
 G - a wand of digging (17/24)
 H - a wand of digging (16/24)
 Q - a wand of digging (14/24)
 X - a wand of digging (21/24)
Scrolls
 e - 24 scrolls of remove curse
 g - a scroll of fog
 o - 18 scrolls of teleportation
 v - 9 scrolls of fear
 B - 3 scrolls of recharging
 C - 7 scrolls of identify
 D - 10 scrolls of magic mapping
 J - 3 scrolls of enchant weapon
 P - a scroll of silence
 W - 2 scrolls of summoning
 Y - 2 scrolls of brand weapon
Potions
 c - 3 potions of brilliance
 d - a potion of magic
 h - 7 potions of berserk rage
 i - 26 potions of curing
 j - 4 potions of haste
 q - 14 potions of flight
 t - a potion of agility
 x - 3 potions of ambrosia
 E - 8 potions of lignification
 U - 2 potions of resistance
 Z - 4 potions of might
Books
 n - Fuocsab's Reference Book on Talismans and Contamination
   (You found it on level 3 of the Crypt)

   Spells                             Type                      Level
   a - Sting                          Conjuration/Poison           1
   b - Song of Slaying                Charms                       2
   c - Poisonous Vapours              Poison/Air                   2
   d - Mephitic Cloud                 Conjuration/Poison/Air       3
   e - Spectral Weapon                Hexes/Charms                 3
 K - a manual of Fighting
 T - a manual of Shields
Comestibles
 f - 32 bread rations
 k - 12 meat rations
 l - 10 royal jellies


   Skills:
 * Level 24.7 Fighting
 + Level 24.3 Maces & Flails
 + Level 24.8 Armour
 + Level 22.4 Dodging
 * Level 24.7 Shields
 - Level 17.8 Invocations


You had 26 spell levels left.
You didn't know any spells.

Dungeon Overview and Level Annotations

Branches:
Dungeon (15/15)            Temple (0/1) D:7            Lair (6/6) D:8
  Swamp (4/4) Lair:4       Spider (4/4) Lair:2        Slime (5/5) Lair:5
    Orc (2/2) D:12            Elf (3/3) Orc:2        Vaults (5/5) D:13
  Crypt (3/3) Vaults:2       Tomb (1/3) Crypt:3      Depths (5/5) D:15
    Zot (0/5) Depths:5

Altars:
Dithmenos
Elyvilon
Kikubaaqudgha
Nemelex Xobeh
Okawaru
Ru
Xom
Yredelemnul
The Shining One
Beogh
Jiyva

Shops:
D:15 %[*   Orc:2 (=(?   Elf:1 *   Elf:3 :!(!   Vaults:2 [((*   Vaults:3 *
Vaults:5 :=}:

Portals:
Hell: Depths:1 Depths:2 Depths:3 Depths:4 Depths:5
Abyss: Depths:3 Depths:4
Pandemonium: Depths:3
Ziggurat: Depths:2
Trove: D:10 (give +4 ice dragon scales)

Annotations:
Tomb:1 Khufu


Innate Abilities, Weirdness & Mutations

You reflexively headbutt those who attack you in melee.
You have a pair of horns on your head.
You are clumsy. (Dex -2)
Armour fits poorly on your strangely shaped body.
Your body sometimes deteriorates upon taking damage.
You are very frail. (-20% HP)
You occasionally shout uncontrollably at your foes.
You are occasionally teleported next to monsters.


Message History

The sphinx closely misses you.
The greater mummy mumbles some strange words.
You block the death scarab's attack. x2
The sphinx hits you but does no damage. The sphinx misses you.
The sphinx completely misses you.
The flayed ghost cries, "Feel what I felt!"
You block the death scarab's attack. x2
The death scarab completely misses you. You block the death scarab's attack.
The death scarab misses you.
The death scarab waves its antennae.
You block the death scarab's attack. You block the sphinx's attack.
The sphinx completely misses you. You block the sphinx's attack.
The death scarab closely misses you. x2; You furiously retaliate!
You headbutt the death scarab!! You block the death scarab's attack. x2
The flayed ghost cries, "Feel what I felt!"
The death scarab bites you but does no damage.
The death scarab closely misses you. You furiously retaliate!
You headbutt the death scarab! The death scarab bites you!
You die...

#..........# #..........#
#..........# #..........#
#..........# #..........# 8
#..........##################(.
#................MZ....%.......
#.............@ss.HsM.........8
#.............ss.HHM.nW.....!..
#................b.W.Z.........
#...............Vsz......s.....
.................Z............
.................H...........
........................
........................
.......................


You could see Khufu, 2 greater mummies, 4 sphinxes, a bennu, a jiangshi, a
spectral five-headed hydra, a spectral ettin, a wraith, 6 death scarabs, a
necrophage, a wight and a snapping turtle zombie.

Vanquished Creatures
  the Royal Jelly (Slime:5)
  Dissolution (Slime:5)
  2 ancient liches (Crypt:3)
  4 juggernauts (Depths:2)
  Sojobo (Crypt:1)
  Frederick (Crypt:2)
  the Lernaean hydra (Swamp:4)
  Saint Roka (Depths:5)
  Nikola (Depths:2)
  the Enchantress (Depths:1)
  4 golden dragons
  3 bone dragons
  2 liches (Crypt:3)
  6 tentacled monstrosities
  Jorgrun (Vaults:4)
  4 deep elf master archers (Elf:3)
  Asterion (Depths:2)
  4 titans
  2 quicksilver dragons
  3 deep elf blademasters (Elf:3)
  30 acid blobs
  An eldritch tentacle (Depths:3)
  15 sphinxes
  6 ancient champions
  15 tengu reavers
  2 thorn hunters
  Kirke (Swamp:2)
  Donald (Vaults:1)
  A draconian monk (Depths:5)
  6 shadow dragons
  An azure jelly (shapeshifter) (Vaults:5)
  4 storm dragons
  5 revenants
  22 azure jellies
  Aizul (Depths:2)
  10 fire giants
  8 frost giants
  A ghost moth (shapeshifter) (Vaults:5)
  A ghost moth (Spider:4)
  Louise (Elf:2)
  An imperial myrmidon (Desolation)
  7 iron dragons
  8 deep elf sorcerers
  A cacodemon (Depths:3)
  19 vault wardens
  5 ghouls
  8 emperor scorpions
  6 curse skulls
  A caustic shrike zombie (Depths:1)
  2 angels (Depths:3)
  4 deep elf elementalists
  10 war gargoyles
  A draconian annihilator (Depths:5)
  30 very ugly things
  33 stone giants
  6 spriggan defenders
  17 ironheart preservers
  3 entropy weavers
  4 vampire knights
  Nessos (D:14)
  2 black draconians (Depths:5)
  5 deep elf demonologists
  Azrael (D:14)
  8 deep elf annihilators
  5 spark wasps
  2 small abominations (Elf:3)
  2 yellow draconians (Depths:5)
  A halazid warlock (Desolation)
  2 merfolk javelineers
  2 crystal guardians (Desolation)
  3 eidola
  14 ettins
  17 deep elf death magi
  Snorg (Lair:3)
  3 large abominations
  2 merfolk impalers (Depths:2)
  11 death oozes
  A mummy priest (Tomb:1)
  6 rakshasas
  9 jiangshi
  A minotaur (Lab)
  14 fire dragons
  22 yaktaur captains
  Erolcha (D:10)
  12 ragged hierophants (Desolation)
  7 deep elf high priests
  8 great orbs of eyes
  6 servants of whispers (Desolation)
  A quicksilver dragon skeleton (Crypt:3)
  32 vault guards
  The ghost of Celandrion the Spear-Bearer, a journeyman MfSk of Okawaru (Lair:1)
  31 hydras
  Fannar (Lair:3)
  9 ice dragons
  A hydra (shapeshifter) (Vaults:3)
  4 spriggan air magi
  6 peacekeepers (Desolation)
  2 catoblepae (Depths:3)
  17 centaur warriors
  A hell beast (Depths:2)
  A merfolk avatar (Lair:6)
  2 ghost crabs (Swamp:4)
  13 ogre magi
  47 two-headed ogres
  23 dancing weapons
  A queen ant (shapeshifter) (Vaults:2)
  The ghost of Britaniac the Basher, a journeyman GrFi of Okawaru (Lair:1)
  5 tengu warriors
  9 deep troll shamans
  4 death knights
  6 alligators
  10 deep troll earth magi
  9 vampire magi
  3 titan zombies
  Urug (D:15)
  12 hell knights
  Sonja (D:11)
  2 orc high priests
  4 shock serpents (Depths:3)
  A sun demon (Depths:3)
  30 deep elf knights
  5 spriggan berserkers
  2 storm dragon zombies (Vaults:5)
  2 soul eaters
  9 spriggans
  A fire crab (shapeshifter) (Vaults:4)
  28 skeletal warriors
  3 sea snakes
  A salamander mystic (Depths:3)
  6 shadow wraiths
  6 iron trolls
  4 spriggan druids
  4 glowing orange brains
  A death drake (Depths:3)
  A shambling mangrove (Swamp:1)
  A flayed ghost (Crypt:2)
  7 unseen horrors
  27 deep trolls
  2 orange crystal statues
  10 orc knights
  11 wizards
  An anaconda zombie (Tomb:1)
  17 deep elf archers
  26 ironbrand convokers
  A tengu zombie (Depths:4)
  8 phantasmal warriors
  3 anaconda skeletons
  8 swamp dragons
  A harpy (shapeshifter) (Depths:2)
  3 harpies
  An iron dragon zombie (Crypt:3)
  A lindwurm (Lair:1)
  An orc sorcerer (Orc:2)
  35 wolf spiders
  5 necromancers
  7 salamanders
  2 fire giant zombies (Depths:4)
  55 ugly things
  2 oklob plants
  A wolf spider zombie (Crypt:1)
  7 cyclopes
  A salamander (shapeshifter) (Depths:5)
  14 orb spiders
  4 shining eyes
  82 deep elf magi
  3 tengu skeletons
  A faun (shapeshifter) (Vaults:1)
  A manticore (shapeshifter) (Depths:2)
  A mana viper (Depths:3)
  6 manticores
  13 elephants (Lair:6)
  4 moths of wrath
  A fire giant skeleton (Crypt:3)
  16 vault sentinels
  7 guardian serpents (Desolation)
  2 frost giant skeletons (Crypt:3)
  3 stone giant skeletons
  5 black mambas
  A naga mage (Depths:3)
  4 smoke demons
  4 molten gargoyles (Elf:2)
  Joseph (D:8)
  A dire elephant skeleton (Crypt:3)
  2 eyes of devastation
  2 torpor snails (Spider:2)
  21 spiny frogs
  5 gargoyles
  14 freezing wraiths
  99 yaktaurs
  A komodo dragon (shapeshifter) (D:13)
  12 demonic crawlers
  A golden dragon simulacrum (Depths:4)
  8 komodo dragons
  A rime drake (shapeshifter) (Vaults:4)
  4 rime drakes
  4 guardian mummies (Tomb:1)
  A human skeleton (Vaults:1)
  A pale draconian skeleton (Crypt:1)
  5 red devils
  A catoblepas skeleton (Crypt:1)
  2 tengu conjurers
  An entropy weaver simulacrum (Vaults:3)
  A hellwing (Depths:3)
  4 polar bears
  5 trolls
  A tengu simulacrum (Vaults:5)
  A death drake zombie (Crypt:1)
  45 jumping spiders
  67 saltlings
  A wind drake (shapeshifter) (Vaults:5)
  A wind drake (Lair:6)
  22 hornets
  A satyr zombie (Crypt:1)
  10 tyrant leeches
  142 slime creatures
  A frost giant simulacrum (Vaults:3)
  2 hippogriffs (shapeshifter)
  A human simulacrum (Vaults:4)
  8 hippogriffs
  9 bog bodies
  5 dream sheep (Lair:4)
  A meliai zombie (D:12)
  24 blink frogs
  4 flying skulls (Tomb:1)
  An ettin zombie (Vaults:1)
  23 water elementals
  An alligator skeleton (Crypt:3)
  A fire dragon skeleton (Depths:1)
  An ice dragon skeleton (Crypt:3)
  133 redbacks
  8 shadows
  40 yaks
  2 spriggans (shapeshifter)
  4 air elementals
  A vampire (D:10)
  3 ushabtiu
  15 wraiths
  A fire bat (shapeshifter) (Depths:5)
  4 fire bats (Volcano)
  33 tarantellas
  6 basilisks
  A spriggan simulacrum (Depths:2)
  14 wyverns
  2 hogs (Swamp:2)
  5 golden eyes (Slime:3)
  A neqoxec (Depths:3)
  A black mamba skeleton (Crypt:3)
  A yaktaur simulacrum (Depths:1)
  4 fire elementals
  14 hungry ghosts
  2 spatial vortices (Depths:3)
  21 swamp worms
  4 steam dragons (Volcano)
  11 vampire mosquitoes
  4 acid dragons
  13 insubstantial wisps
  A merfolk zombie (Crypt:2)
  9 wargs
  A deep troll zombie (Vaults:1)
  A soldier ant (D:15)
  15 water moccasins
  11 hell hounds
  3 floating eyes
  7 sky beasts
  6 porcupines
  7 phantoms
  12 swamp drakes
  52 orc warriors
  A snapping turtle zombie (Crypt:3)
  4 ice beasts
  An ettin simulacrum (Vaults:4)
  4 black bears
  4 eyes of draining
  2 hornet zombies
  7 wolves
  2 necrophages (Crypt:1)
  7 boggarts
  28 ogres
  36 centaurs
  A snapping turtle skeleton (Crypt:3)
  A crocodile (shapeshifter) (Depths:1)
  17 crocodiles
  A hog skeleton (Crypt:1)
  A salamander zombie (Crypt:2)
  2 big kobolds
  A draconian zombie (Crypt:1)
  16 bullfrogs
  An octopode zombie (Crypt:1)
  A gnoll sergeant (Orc:2)
  7 earth elementals
  The ghost of QuCean the Chopper, a weakling MiCK of Xom (D:3)
  5 scorpions
  A wyvern skeleton (D:14)
  14 wights
  2 howler monkeys (D:6)
  An electric eel (Spider:1)
  5 crimson imps
  19 jellies
  4 centaur zombies
  3 quasits
  An iron imp (Depths:3)
  4 bullfrog zombies
  24 orc priests
  2 gnoll shamans
  11 hounds
  30 orc wizards
  6 centaur skeletons
  4 iguanas
  Natasha (thrice) (D:4)
  6 hell rats (Lair:3)
  12 worker ants
  Terence (D:2)
  4 lightning spires (Depths:3)
  A hound zombie (D:9)
  A hound skeleton (D:9)
  13 mummies
  A worker ant zombie (Crypt:1)
  A howler monkey zombie (D:6)
  19 gnolls
  18 adders
  A steam dragon zombie (Crypt:2)
  5 shadow imps
  2 white imps
  2 ufetubi (Depths:3)
  11 oozes
  6 worms
  4 dart slugs
  8 leopard geckos
  142 orcs
  2 giant cockroaches
  4 goblins
  5 hobgoblins
  10 jackals
  7 quokkas
  10 ball pythons
  7 bats
  2 frilled lizards (D:4)
  A hobgoblin skeleton (Crypt:1)
  2 hobgoblin zombies (D:4)
  14 kobolds
  A kobold skeleton (D:4)
  A kobold zombie (D:4)
  A leopard gecko zombie (D:8)
  3 orc skeletons (D:4)
  7 rats
  4 briar patches (Swamp:3)
  2 crawling corpses (Elf:3)
  A plant (Lair:2)
  A withered plant (Crypt:3)
2962 creatures vanquished.

Vanquished Creatures (collateral kills)
  An acid blob (Slime:5)
  An azure jelly (Slime:5)
  A servant of whispers (Desolation)
  3 saltlings (Desolation)
  A tyrant leech (Swamp:4)
7 creatures vanquished.

Vanquished Creatures (others)
  A vault warden (Vaults:3)
  3 stone giants
  A merfolk javelineer (Depths:5)
  A deep elf high priest (Elf:3)
  A yaktaur captain (Depths:2)
  A hydra (Elf:3)
  A centaur warrior (Vaults:4)
  A two-headed ogre (Vaults:5)
  A deep elf archer (Vaults:5)
  20 yaktaurs
  A freezing wraith (Vaults:1)
  A human (Swamp:2)
  A swamp worm (Swamp:4)
  A swamp drake (Swamp:4)
  3 centaurs
  A shadow imp (Depths:3)
  3 orcs
  31 fungi
  35 plants
  13 withered plants (Crypt:3)
121 creatures vanquished.

Grand Total: 3090 creatures vanquished

Notes
Turn   | Place    | Note
-------+----------+-------------------------------------------
     0 | D:1      | greprep the Minotaur Fighter began the quest for the Orb.
     0 | D:1      | Reached XP level 1. HP: 19/19 MP: 0/0
   199 | D:1      | Reached XP level 2. HP: 27/27 MP: 1/1
   457 | D:2      | Reached skill level 1 in Dodging
   460 | D:2      | Reached XP level 3. HP: 31/33 MP: 2/2
   925 | D:2      | Found a faded altar of an unknown god.
   975 | D:2      | Noticed Terence
   988 | D:2      | Killed Terence
   988 | D:2      | Reached XP level 4. HP: 16/40 MP: 3/3
  1289 | D:3      | Found a glowing drain.
  1495 | Sewer    | Entered a sewer
  1819 | Sewer    | Noticed a big kobold
  1824 | Sewer    | Killed a big kobold
  1824 | Sewer    | Reached skill level 5 in Shields
  1824 | Sewer    | Reached XP level 5. HP: 47/47 MP: 4/4
  2433 | D:3      | Found a shadowy altar of Dithmenos.
  2438 | D:3      | Reached XP level 6. HP: 50/53 MP: 5/5
  2463 | D:3      | Noticed QuCean's ghost (weakling MiCK)
  2484 | D:3      | Killed QuCean's ghost
  2926 | D:3      | Reached skill level 5 in Fighting
  2926 | D:3      | Reached skill level 5 in Armour
  3537 | D:4      | Reached XP level 7. HP: 49/61 MP: 6/6
  3707 | D:4      | Noticed Natasha
  3714 | D:4      | Killed Natasha
  3793 | D:4      | Found a glowing golden altar of the Shining One.
  3840 | D:4      | Became a worshipper of the Shining One
  3924 | D:4      | Noticed Natasha
  3932 | D:4      | Killed Natasha
  4230 | D:4      | Reached skill level 5 in Maces & Flails
  4329 | D:4      | Noticed Natasha
  4335 | D:4      | Killed Natasha
  4384 | D:5      | Entered Level 5 of the Dungeon
  4394 | D:5      | Found a shimmering altar of Xom.
  4565 | D:5      | Reached * piety under the Shining One
  4902 | D:5      | Reached XP level 8. HP: 55/70 MP: 7/7
  5617 | D:6      | Reached skill level 5 in Dodging
  5723 | D:6      | Found a basalt altar of Yredelemnul.
  5782 | D:6      | Found a white marble altar of Elyvilon.
  5937 | D:6      | Found a white marble altar of Elyvilon.
  6081 | D:6      | Noticed a deep elf mage
  6085 | D:6      | Killed a deep elf mage
  6085 | D:6      | Reached XP level 9. HP: 64/79 MP: 8/8
  6280 | D:7      | Found an iron altar of Okawaru.
  6554 | D:7      | Found a staircase to the Ecumenical Temple.
  6757 | D:8      | Noticed a two-headed ogre
  6764 | D:8      | Killed a two-headed ogre
  6905 | D:8      | Found a roughly hewn altar of Beogh.
  6920 | D:8      | Reached ** piety under the Shining One
  7020 | D:8      | Noticed Joseph
  7032 | D:8      | Killed Joseph
  7230 | D:8      | Reached XP level 10. HP: 90/90 MP: 9/9
  7270 | D:8      | Found a sacrificial altar of Ru.
  7292 | D:8      | Found a sparkling altar of Nemelex Xobeh.
  7292 | D:8      | Noticed a two-headed ogre
  7302 | D:8      | Killed a two-headed ogre
  7679 | D:8      | Found a staircase to the Lair.
  8131 | D:9      | Reached *** piety under the Shining One
  8365 | D:9      | Noticed a two-headed ogre
  8379 | D:9      | Killed a two-headed ogre
  8565 | D:10     | Entered Level 10 of the Dungeon
  8683 | D:10     | Paralysed by a hornet for 2 turns
  8932 | D:10     | Noticed Erolcha
  8972 | D:10     | Killed Erolcha
  8972 | D:10     | Reached skill level 10 in Fighting
  8972 | D:10     | Reached skill level 10 in Shields
  8972 | D:10     | Reached XP level 11. HP: 60/99 MP: 10/10
  9164 | D:10     | Reached **** piety under the Shining One
  9169 | D:10     | Reached skill level 10 in Armour
  9277 | D:10     | Noticed a two-headed ogre
  9283 | D:10     | Killed a two-headed ogre
  9482 | D:10     | Found a portal to a secret trove of treasure.
  9577 | D:11     | Noticed an eight-headed hydra
 10014 | D:11     | Killed an eight-headed hydra
 10014 | D:11     | Reached skill level 1 in Invocations
 10357 | D:11     | Noticed Sonja
 10545 | D:11     | Reached skill level 10 in Maces & Flails
 10818 | D:11     | Noticed a cyan ugly thing
 10830 | D:11     | Killed a cyan ugly thing
 10837 | D:11     | Killed Sonja
 10847 | D:11     | Noticed a death knight
 11238 | D:11     | Killed a death knight
 11906 | D:12     | Noticed a four-headed hydra
 11928 | D:12     | Killed a four-headed hydra
 11928 | D:12     | Reached XP level 12. HP: 38/110 MP: 13/13
 12323 | D:12     | Found a staircase to the Orcish Mines.
 12626 | D:12     | Reached ***** piety under the Shining One
 13567 | D:12     | Noticed a five-headed hydra
 13580 | D:12     | Killed a five-headed hydra
 13937 | Lair:1   | Entered Level 1 of the Lair of Beasts
 14021 | Lair:1   | Noticed Britaniac's ghost (journeyman GrFi)
 14038 | Lair:1   | Killed Britaniac's ghost
 14104 | Lair:1   | Reached skill level 5 in Invocations
 14121 | Lair:1   | Reached skill level 10 in Dodging
 14294 | Lair:1   | Noticed Celandrion's ghost (journeyman MfSk)
 14311 | Lair:1   | Killed Celandrion's ghost
 14390 | Lair:1   | Found a dark tunnel.
 14399 | Volcano  | Entered a volcano
 14503 | Volcano  | Noticed a two-headed ogre
 14516 | Volcano  | Killed a two-headed ogre
 14588 | Volcano  | Noticed a two-headed ogre
 14591 | Volcano  | Noticed a two-headed ogre
 14592 | Volcano  | Noticed a two-headed ogre
 14594 | Volcano  | Killed a two-headed ogre
 14604 | Volcano  | Reached XP level 13. HP: 92/118 MP: 16/16
 15259 | Volcano  | Noticed a fire dragon
 15271 | Volcano  | Killed a fire dragon
 15878 | Lair:2   | Found a hole to the Spider Nest.
 16743 | Lair:3   | Noticed Fannar
 16772 | Lair:3   | Killed Fannar
 18116 | Lair:4   | Found a staircase to the Swamp.
 18401 | Lair:5   | Found a viscous altar of Jiyva.
 18402 | Lair:5   | Found a staircase to the Slime Pits.
 18784 | Lair:5   | Reached XP level 14. HP: 71/129 MP: 18/18
 19591 | Lair:6   | Entered Level 6 of the Lair of Beasts
 20893 | Lair:6   | Reached ****** piety under the Shining One
 21447 | Orc:1    | Entered Level 1 of the Orcish Mines
 22042 | Orc:2    | Entered Level 2 of the Orcish Mines
 22207 | Orc:2    | Found a staircase to the Elven Halls.
 22558 | Orc:2    | Reached XP level 15. HP: 122/138 MP: 20/20
 22942 | Orc:2    | Found Alleruk's Jewellery Emporium.
 22942 | Orc:2    | Found Sagic Sym's Weapon Shop.
 22944 | Orc:2    | Found Vicij's Magic Scroll Boutique.
 22946 | Orc:2    | Found Budust's Antique Weapon Shoppe.
 22963 | Orc:2    | Bought the cursed necklace of Bloodlust {*Rage +Rage MR++ Int-3 Slay+6 *Curse} for 1107 gold pieces
 22963 | Orc:2    | Bought the ring of Uceunavo {rPois rC+ Dex+3} for 680 gold pieces
 22968 | Orc:2    | Bought a scroll of enchant weapon for 90 gold pieces
 22968 | Orc:2    | Bought a scroll of blinking for 90 gold pieces
 22968 | Orc:2    | Bought a scroll of identify for 24 gold pieces
 23073 | D:13     | Found a gate to the Vaults.
 24035 | D:14     | Noticed Azrael
 24068 | D:14     | Killed Azrael
 24078 | D:14     | Found a labyrinth entrance.
 24095 | Lab      | Entered a labyrinth
 24400 | Lab      | Got a warped spear {antimagic}
 24406 | Lab      | Identified the cursed +3 spear of Secu Axi {antimagic, *Noise Int+2 Dex+4} (You took it off a minotaur in a labyrinth)
 24564 | D:14     | Noticed Nessos
 24598 | D:14     | Killed Nessos
 24745 | D:15     | Entered Level 15 of the Dungeon
 24899 | D:15     | Found Merieh's Antique Armour Boutique.
 24903 | D:15     | Noticed Urug
 24926 | D:15     | Killed Urug
 24941 | D:15     | Bought a distressingly furry leather armour for 252 gold pieces
 24941 | D:15     | Identified the +1 leather armour "Moapos" {rPois Int+3} (You bought it in a shop on level 15 of the Dungeon)
 25040 | D:15     | Found Fadiqol's Food Shoppe.
 25145 | D:15     | Found a staircase to the Depths.
 25265 | D:15     | Found Vaddonoc's General Store.
 25524 | Swamp:1  | Entered Level 1 of the Swamp
 26136 | Swamp:2  | Noticed Kirke
 26151 | Swamp:2  | Killed Kirke
 26151 | Swamp:2  | Reached skill level 15 in Fighting
 26178 | Swamp:2  | Reached XP level 16. HP: 149/149 MP: 22/22
 26438 | Swamp:2  | Reached skill level 15 in Armour
 26658 | Swamp:2  | Reached skill level 15 in Shields
 27148 | Swamp:3  | Noticed a thorn hunter
 27168 | Swamp:3  | Killed a thorn hunter
 27290 | Swamp:3  | Reached skill level 10 in Invocations
 27357 | Swamp:3  | Identified a scroll of acquirement
 27560 | Swamp:4  | Entered Level 4 of the Swamp
 27645 | Swamp:4  | Got a jewelled hand axe
 27828 | Swamp:4  | Identified the +9 hand axe "Beastslayer" {venom, rElec} (You found it on level 4 of the Swamp)
 27959 | Swamp:4  | Noticed the 27-headed Lernaean hydra
 28563 | Swamp:4  | Noticed a thorn hunter
 28570 | Swamp:4  | Reached skill level 15 in Maces & Flails
 28583 | Swamp:4  | Killed a thorn hunter
 28905 | Swamp:4  | Got a decaying rune of Zot
 28981 | Swamp:4  | Killed the 26-headed Lernaean hydra
 29581 | Vaults:1 | Entered Level 1 of the Vaults
 29933 | Vaults:1 | Reached XP level 17. HP: 127/158 MP: 24/24
 29987 | Vaults:1 | Noticed Donald
 30027 | Vaults:1 | Found a ruined gateway.
 30031 | Desolati | Entered the Desolation of Salt
 30490 | Desolati | Identified the Handbook of Stones
 31412 | Desolati | Got a smoking pewter ring
 31422 | Desolati | Identified the ring "Myguatip" {rElec rF- rC++ Int+2 Slay+2} (You found it in the Desolation of Salt)
 31743 | Desolati | Got a heavily runed golden ring
 31755 | Desolati | Identified the ring of the Moon {*Tele rC+ Dex+2} (You found it in the Desolation of Salt)
 31773 | Desolati | Identified the Collected Works on Shifting Combat Magic
 31783 | Desolati | Got a scorched chain mail
 31794 | Desolati | Identified the +6 chain mail of the Dice {rElec rF++ Dex-2} (You found it in the Desolation of Salt)
 31834 | Desolati | Got a creamy pearl robe
 31845 | Desolati | Identified the +1 robe "Keto" {Int+4 Dex+2 Stlth-} (You found it in the Desolation of Salt)
 32008 | Vaults:1 | Killed Donald
 32403 | Vaults:1 | Reached XP level 18. HP: 168/168 MP: 25/25
 32782 | Vaults:1 | Reached XP level 19. HP: 174/174 MP: 26/26
 33741 | Spider:1 | Entered Level 1 of the Spider Nest
 35858 | Spider:3 | Reached skill level 15 in Dodging
 36770 | Spider:4 | Entered Level 4 of the Spider Nest
 37781 | Spider:4 | Reached XP level 20. HP: 187/187 MP: 28/28
 38571 | Spider:4 | Got a gossamer rune of Zot
 38921 | Vaults:2 | Found Lenguac's Assorted Antiques.
 38932 | Vaults:2 | Found a flickering gateway to a bazaar.
 38941 | Bazaar   | Entered a bazaar
 38958 | Bazaar   | Found Wuevairr's Antique Weapon Emporium.
 38958 | Bazaar   | Found Zukifreo's Gadget Shoppe.
 38979 | Bazaar   | Found Vuasm's Armour Emporium.
 38994 | Bazaar   | Found Bozxaolu's Assorted Antiques.
 39050 | Bazaar   | Found Kydeul's Gadget Shoppe.
 39258 | Vaults:2 | Found a staircase to the Crypt.
 39595 | Vaults:2 | Found Etzadoupn's Weapon Emporium.
 39618 | Vaults:2 | Found Senauqoa's Antique Weapon Shop.
 39804 | Vaults:2 | Found Irau's Armour Emporium.
 41034 | Vaults:3 | Reached XP level 21. HP: 182/195 MP: 30/30
 41581 | Vaults:3 | Found Asijaps's General Store.
 41881 | Vaults:3 | Got a crude battleaxe
 41887 | Vaults:3 | Identified the +3 battleaxe "Xiwn" {drain, rPois Int+3 Dex+4} (You found it on level 3 of the Vaults)
 43502 | Vaults:4 | Noticed Jorgrun
 43514 | Vaults:4 | Killed Jorgrun
 43527 | Vaults:4 | Reached XP level 22. HP: 189/206 MP: 31/31
 43852 | Vaults:5 | Entered Level 5 of the Vaults
 44835 | Vaults:5 | Noticed a golden dragon
 45128 | Vaults:5 | Reached skill level 15 in Invocations
 45174 | Vaults:5 | Identified the Catalogue of the Icy Birds
 45750 | Vaults:5 | Noticed a golden dragon
 45763 | Vaults:5 | Killed a golden dragon
 45791 | Vaults:5 | Got a faintly glowing scimitar {slice}
 45792 | Vaults:5 | Identified the cursed +3 scimitar of Luqugia {slice, SInv} (You took it off a deep elf high priest on level 5 of the Vaults)
 45853 | Vaults:5 | Identified the Handbook of Malediction
 45911 | Vaults:5 | Reached XP level 23. HP: 215/215 MP: 33/33
 46228 | Vaults:5 | Got a brightly glowing copper amulet
 46411 | Vaults:5 | Identified the amulet of Donidili {Spirit rF++ rN+} (You took it off a tengu reaver on level 5 of the Vaults)
 46514 | Vaults:5 | Got a silver rune of Zot
 46641 | Vaults:5 | Found Nuaruer's Gadget Shoppe.
 46642 | Vaults:5 | Found Zuma's Book Shoppe.
 46646 | Vaults:5 | Found Cusavufa's Jewellery Shop.
 46660 | Vaults:5 | Found Yfizususs's Book Shoppe.
 46976 | Vaults:5 | Got a pair of bloodstained gloves
 46987 | Vaults:5 | Identified the +0 pair of gloves of the Slightly Bent {rElec rC- Dex+4 Slay+2} (You found it on level 5 of the Vaults)
 46987 | Vaults:5 | Identified Gumepp's Guide on Shifting Clay
 47133 | Vaults:5 | Got a crystal rapier
 47693 | Elf:1    | Entered Level 1 of the Elven Halls
 47860 | Elf:1    | Identified the Disquisition on Battle Magic
 48045 | Elf:1    | Found Ufem's Assorted Antiques.
 48045 | Elf:1    | Found Wosat's Food Emporium.
 48054 | Elf:1    | Bought a bread ration for 60 gold pieces
 48054 | Elf:1    | Bought a royal jelly for 24 gold pieces
 48054 | Elf:1    | Bought a meat ration for 60 gold pieces
 48054 | Elf:1    | Bought a meat ration for 60 gold pieces
 48054 | Elf:1    | Bought a royal jelly for 24 gold pieces
 48054 | Elf:1    | Bought a meat ration for 60 gold pieces
 48054 | Elf:1    | Bought a royal jelly for 24 gold pieces
 48054 | Elf:1    | Bought a royal jelly for 24 gold pieces
 48060 | Elf:1    | Bought a potion of curing for 96 gold pieces
 48060 | Elf:1    | Bought a scroll of magic mapping for 112 gold pieces
 48060 | Elf:1    | Bought a potion of might for 128 gold pieces
 48060 | Elf:1    | Bought 2 potions of curing for 192 gold pieces
 49037 | Elf:2    | Found a huge runed gate.
 49040 | Elf:2    | Found a huge runed gate.
 49043 | Elf:2    | Found a huge runed gate.
 49064 | Elf:2    | Noticed Louise
 49102 | Elf:2    | Killed Louise
 49625 | Elf:3    | Entered Level 3 of the Elven Halls
 49658 | Elf:3    | Found Ticih's Book Shoppe.
 49751 | Elf:3    | Reached XP level 24. HP: 207/226 MP: 34/34
 50495 | Elf:3    | Found Seicaano's Distillery.
 50510 | Elf:3    | Bought a potion of heal wounds for 60 gold pieces
 50510 | Elf:3    | Bought a potion of heal wounds for 60 gold pieces
 50510 | Elf:3    | Bought a potion of heal wounds for 60 gold pieces
 50510 | Elf:3    | Bought a potion of heal wounds for 60 gold pieces
 50522 | Elf:3    | Found Mavvalaz's Antique Weapon Boutique.
 50620 | Elf:3    | Found Wiaphefau's Distillery.
 50935 | Elf:3    | Got a steaming bronze ring
 50937 | Elf:3    | Got a shimmering mace {freeze}
 50944 | Elf:3    | Identified the +3 mace of Strategic Superiority {freeze, Dex+2} (You took it off a deep elf annihilator on level 3 of the Elven Halls)
 50948 | Elf:3    | Got a translucent bronze amulet
 50949 | Elf:3    | Got a scorched scale mail
 50960 | Elf:3    | Identified the +4 scale mail of the Bells {Str+7 Int+3 Dex-2} (You took it off a deep elf blademaster on level 3 of the Elven Halls)
 50977 | Elf:3    | Identified the amulet of Limitation {Faith rF+ MR+ Dex+3 SInv} (You took it off a deep elf blademaster on level 3 of the Elven Halls)
 50979 | Elf:3    | Identified the ring of Uginao {Fire Int+4 Slay+4} (You took it off a deep elf death mage on level 3 of the Elven Halls)
 50991 | Elf:3    | Got a transparent ivory ring
 51120 | Elf:3    | Identified the Volume of Flying Attacks
 51176 | Elf:3    | Identified the ring "Mitzeith" {+Inv rPois MR- Str+6 Slay+4} (You took it off a deep elf death mage on level 3 of the Elven Halls)
 51193 | Elf:3    | Identified Kehein's Tome of Battle Magic
 51645 | Lair:3   | Noticed Snorg
 51651 | Lair:3   | Killed Snorg
 51686 | Slime:1  | Entered Level 1 of the Pits of Slime
 52319 | Slime:2  | Gained mutation: Armour fits poorly on your strangely shaped body. [a shining eye]
 52323 | Slime:2  | Gained mutation: Your body sometimes deteriorates upon taking damage. [a shining eye]
 52325 | Slime:2  | Gained mutation: You are clumsy. (Dex -2) [a shining eye]
 52331 | Slime:2  | Gained mutation: Your muscles are strong. (Str +2) [a shining eye]
 52336 | Slime:2  | Lost mutation: Your muscles are strong. (Str +2) [a shining eye]
 54464 | Slime:3  | Gained mutation: You are occasionally teleported next to monsters. [a shining eye]
 54469 | Slime:3  | Gained mutation: You are frail. (-10% HP) [a shining eye]
 54470 | Slime:3  | Gained mutation: You are very frail. (-20% HP) [a shining eye]
 54700 | Slime:5  | Entered Level 5 of the Pits of Slime
 54730 | Slime:5  | Paralysed by a great orb of eyes for 2 turns
 54768 | Slime:5  | Noticed the Royal Jelly
 54769 | Slime:5  | Reached XP level 25. HP: 94/188 MP: 34/34
 55111 | Slime:5  | Killed the Royal Jelly
 56447 | Slime:5  | Noticed Dissolution
 56449 | Slime:5  | Gained mutation: You occasionally shout uncontrollably at your foes. [a shining eye]
 56742 | Slime:5  | Killed Dissolution
 57411 | Slime:5  | Got a slimy rune of Zot
 57460 | Slime:5  | Identified the Almanac of Stones
 57495 | Slime:5  | Got a bloodstained hat
 57501 | Slime:5  | Identified the -3 hat of Ihicwo {Int+4} (You found it on level 5 of the Pits of Slime)
 58181 | Depths:1 | Entered Level 1 of the Depths
 58569 | Depths:1 | Noticed the Enchantress
 58582 | Depths:1 | Killed the Enchantress
 58653 | Depths:1 | Got faerie dragon scales
 58654 | Depths:1 | Identified the +3 faerie dragon scales {*Slow rC- rN+ MR++ rCorr} (You took it off the Enchantress on level 1 of the Depths)
 59253 | Depths:1 | Found a gateway to Hell.
 59793 | Depths:2 | Reached XP level 26. HP: 162/196 MP: 34/34
 59808 | Depths:2 | Noticed Nikola
 59814 | Depths:2 | Killed Nikola
 60151 | Depths:2 | Found a gateway to a ziggurat.
 60400 | Depths:2 | Noticed Asterion
 60406 | Depths:2 | Noticed Aizul
 60417 | Depths:2 | Killed Asterion
 60420 | Depths:2 | Killed Aizul
 60456 | Depths:2 | Got a pitted whip
 60457 | Depths:2 | Identified the +4 whip of the Dark Horse {slash, rN++ Str-2 Dex+5} (You found it on level 2 of the Depths)
 62311 | Depths:2 | Noticed a juggernaut
 62314 | Depths:2 | Noticed a juggernaut
 62320 | Depths:2 | Noticed a juggernaut
 62322 | Depths:2 | Killed a juggernaut
 62335 | Depths:2 | Killed a juggernaut
 62337 | Depths:2 | Killed a juggernaut
 62346 | Depths:2 | Noticed a juggernaut
 62354 | Depths:2 | Killed a juggernaut
 63054 | Depths:3 | Identified Jahewir's Reference Book on Stones
 63522 | Depths:3 | Identified the Papyrus of Weightlessness
 63712 | Depths:3 | Identified the Catalogue of Venom
 63769 | Depths:3 | Found a one-way gate leading to the halls of Pandemonium.
 63784 | Depths:3 | Lost intelligence.
 63925 | Depths:3 | Got a twisted scale mail
 64395 | Depths:3 | Found a one-way gate to the infinite horrors of the Abyss.
 64737 | Depths:3 | Paralysed by an eldritch tentacle for 3 turns
 64742 | Depths:3 | Reached XP level 27. HP: 168/206 MP: 20/34
 64747 | Depths:3 | Identified Vuxzigen's Guide on the Compass
 64920 | Depths:3 | Identified the cursed +1 scale mail of the Shore {rPois MP+9 Str+3} (You found it on level 3 of the Depths)
 64928 | Depths:3 | Lost intelligence.
 65332 | Depths:4 | Got a twisted cloak
 65343 | Depths:4 | Identified the cursed +0 cloak of Utiutteti {+Blink} (You found it on level 4 of the Depths)
 66372 | Depths:5 | Entered Level 5 of the Depths
 66624 | Depths:5 | Noticed Saint Roka
 66642 | Depths:5 | Killed Saint Roka
 67122 | Depths:5 | Found a gate to the Realm of Zot.
 67457 | Depths:5 | Paralysed by a floating eye for 4 turns
 68076 | Crypt:1  | Entered Level 1 of the Crypt
 68220 | Crypt:1  | Noticed Sojobo
 68228 | Crypt:1  | Killed Sojobo
 68701 | Crypt:1  | Found an ancient bone altar of Kikubaaqudgha.
 69638 | Crypt:2  | Noticed Frederick
 69644 | Crypt:2  | Killed Frederick
 69710 | Crypt:3  | Entered Level 3 of the Crypt
 70400 | Crypt:3  | Found a staircase to the Tomb.
 70400 | Crypt:3  | Noticed an ancient lich
 70403 | Crypt:3  | Killed an ancient lich
 70502 | Crypt:3  | Found an ancient bone altar of Kikubaaqudgha.
 70940 | Crypt:3  | Identified Fuocsab's Reference Book on Talismans and Contamination
 71553 | Crypt:3  | Noticed an ancient lich
 71560 | Crypt:3  | Killed an ancient lich
 72244 | Tomb:1   | Entered Level 1 of the Tomb of the Ancients
 72466 | Tomb:1   | Noticed a greater mummy
 72468 | Tomb:1   | Noticed Khufu
 72470 | Tomb:1   | Noticed a greater mummy
 72477 | Tomb:1   | HP: 7/211 [greater mummy/divine providence[Khufu] (13)]
 72484 | Tomb:1   | Slain by a death scarab

Skill      XL: |  1  2  3  4  5  6  7  8  9 10 11 12 13 14 15 16 17 18 19 20 21 22 23 24 25 26 27 |
---------------+----------------------------------------------------------------------------------+-----
Armour         | 4 5 6 7 8 9 10 12 13 14 15 16 17 18 19 20 21 22 23 24 | 24.8
Dodging        | 1 2 3 4 5 6 8 9 10 11 12 13 14 15 16 17 18 19 20 22 | 22.4
Shields        | 4 5 6 7 8 10 11 12 13 14 15 16 17 18 19 20 21 22 23 24 | 24.7
Fighting       | 4 5 6 7 8 10 11 12 13 14 15 16 17 18 19 20 21 22 23 24 | 24.7
Maces & Flails | 3 4 5 6 7 9 10 11 12 13 14 15 16 17 18 19 20 21 22 24 | 24.3
Invocations    | 3 5 7 8 9 10 11 12 13 14 15 16 17 | 17.8

Action                   |  1- 3 |  4- 6 |  7- 9 | 10-12 | 13-15 | 16-18 | 19-21 | 22-24 | 25-27 || total
-------------------------+-------+-------+-------+-------+-------+-------+-------+-------+-------++-------
Melee: Flail             |    72 |       |       |       |       |       |       |       |       ||    72
       Headbutt          |     8 |    27 |    43 |   131 |   396 |   298 |   460 |   369 |   515 ||  2247
       Morningstar       |       |   141 |   253 |   641 |  1172 |   596 |  1464 |   426 |       ||  4693
       Eveningstar       |       |       |       |       |   137 |   142 |       |   745 |  1574 ||  2598
Invok: Divine Shield     |       |       |       |     1 |       |       |       |       |       ||     1
       Cleansing Flame   |       |       |       |       |       |    19 |       |     6 |     5 ||    30
       Summon Divine War |       |       |       |       |       |     3 |       |       |     1 ||     4
 Abil: Evoke Berserk Rag |       |       |       |       |       |       |     1 |     1 |       ||     2
Evoke: Wand              |       |       |       |       |     1 |     2 |     1 |       |     1 ||     5
  Use: Potion            |     1 |     1 |       |     5 |     6 |     8 |     1 |     8 |    17 ||    47
       Scroll            |       |       |       |    13 |    21 |    16 |     2 |    25 |    22 ||    99
  Eat: Chunk             |       |     8 |    10 |    17 |    33 |     7 |    27 |    10 |    25 ||   137
       Meat ration       |       |       |     1 |     1 |     1 |     2 |       |     4 |     2 ||    11
       Royal jelly       |       |       |       |     4 |       |     3 |     2 |     2 |    10 ||    21
       Fruit             |       |       |       |       |     4 |       |     7 |     7 |     6 ||    24
       Bread ration      |       |       |       |       |       |     1 |       |       |       ||     1
Armor: Scale mail        |    42 |    45 |    66 |   200 |    10 |       |       |       |       ||   363
       Fire dragon scale |       |       |       |       |   291 |   313 |   360 |   132 |       ||  1096
       Chain mail        |       |       |       |       |     2 |       |       |       |       ||     2
       Gold dragon scale |       |       |       |       |       |       |       |   210 |   453 ||   663
Dodge: Dodged            |    38 |    51 |    75 |   277 |   788 |   616 |   833 |   582 |   793 ||  4053
       Deflected         |       |     3 |     6 |    13 |    39 |    13 |    45 |    59 |    79 ||   257
Block: Shield            |    44 |    68 |   128 |   370 |  1002 |   576 |  1002 |   869 |  1310 ||  5369
       Reflection        |       |       |       |       |       |       |    88 |    96 |   139 ||   323
